 Dungeon Crawl Stone Soup version 0.30-a0-782-ge64f9170bb (webtiles) character file.

Game seed: 13088974367805582028

1217 Jossarian the Conjurer (level 8, 0/54 HPs)
             Began as a Demonspawn Conjurer on Mar 2, 2023.
             Slain by Duvessa
             ... wielding a +0 rapier
              (17 damage)
             ... on level 5 of the Dungeon.
             The game lasted 01:05:26 (5629 turns).

Jossarian the Conjurer (Demonspawn Conjurer)        Turns: 5629, Time: 01:05:26

Health: 0/54       AC:  9    Str: 10    XL:     8   Next: 22%
Magic:  2/14       EV: 12    Int: 23    God:
Gold:   160        SH:  0    Dex: 11    Spells: 13/16 levels left

rFire   . . .      SeeInvis .    j - +3 dagger (spect)
rCold   . . .      Faith    .    (no shield)
rNeg    . . .      Spirit   .    s - +3 leather armour
rPois   +          Reflect  .    l - +0 helmet of Dalem {rPois Str+3}
rElec   .          Harm     .    (no cloak)
rCorr   .          Rampage  .    (no gloves)
Will    .....                    f - +1 pair of boots
Stlth   ++                       (no amulet)
HPRegen 0.29/turn                u - ring of poison resistance
MPRegen 0.14/turn                (no ring)

@: no status effects
A: powered by pain 1, spiny 2
a: no special abilities


You were on level 5 of the Dungeon.
You visited 1 branch of the dungeon, and saw 6 of its levels.

You collected 283 gold pieces.
You spent 123 gold pieces at shops.

Inventory:

Hand Weapons
 j - a +3 spectral dagger (weapon)
 p - a +0 sling
Missiles
 a - 4 boomerangs
 c - 2 poisoned darts (quivered)
 d - 67 stones
Armour
 e - a +1 pair of gloves
 f - a +1 pair of boots (worn)
 l - the +0 helmet of Dalem (worn) {rPois Str+3}
   (You found it on level 2 of the Dungeon)

   Str:       It affects your strength (+3).
   rPois:     It protects you from poison.
 s - a +3 leather armour (worn)
Jewellery
 b - an amulet of guardian spirit
 u - a ring of poison resistance (left hand)
Wands
 i - a wand of paralysis (1)
Scrolls
 k - 3 scrolls of teleportation
 n - a scroll of enchant weapon
 o - a scroll of vulnerability {unknown}
Potions
 g - a potion of cancellation
 h - 4 potions of curing
 q - a potion of haste


   Skills:
 + Level 1.2 Fighting
 + Level 1.0 Short Blades
 + Level 3.1 Throwing
 + Level 3.6 Armour
 + Level 2.6 Dodging
 + Level 3.2 Stealth
 + Level 4.5 Spellcasting
 + Level 6.5 Conjurations


You had 13 spell levels left.
You knew the following spells:

 Your Spells              Type           Power      Damage    Failure   Level
a - Magic Dart            Conj           100%       1d8       1%          1
b - Searing Ray           Conj           70%        2d7       1%          2

Your spell library contained the following spells:

 Spells                   Type           Power      Damage    Failure   Level
 Static Discharge         Conj/Air       40%        2-4/arc   5%          2
 Dazzling Flash           Conj/Hex       40%        N/A       11%         3
 Fulminant Prism          Conj/Hex       10%        3d8       34%         4
 Iskenderun's Mystic Bla  Conj/Tloc      20%        2d6       34%         4
 Sticky Flame             Conj/Fire      20%        2d4       34%         4
 Ignite Poison            Fire/Tmut/Pois 5%         N/A       36%         3
 Vhi's Electric Charge    Tloc/Air       10%        N/A       36%         3
 Arcjolt                  Conj/Air       10%        1d20      67%         5
 Lightning Bolt           Conj/Air       10%        1d23      67%         5
 Ignition                 Fire           2%         3d3       100%        8


Dungeon Overview and Level Annotations

Branches:
Dungeon (6/15)
 Temple: D:4-7

Altars:
Fedhas
Kikubaaqudgha

Shops:
D:6 ?

Annotations:
D:5 Duvessa


Innate Abilities, Weirdness & Mutations

You sometimes gain a little power by taking damage.
You are mostly covered in sharp spines.


Message History

(Press . to maintain the ray.) Duvessa rages.
The searing ray hits Duvessa!
Duvessa is moderately wounded.
Duvessa hits you with a +0 rapier! Duvessa hits you with a +0 rapier.
The searing ray hits Duvessa!
Duvessa is heavily wounded.
Duvessa hits you with a +0 rapier.
The searing ray hits Duvessa.
Duvessa is heavily wounded.
You finish channelling your searing ray.
Duvessa is struck by your spines. Duvessa hits you with a +0 rapier!
Duvessa is struck by your spines. Duvessa hits you but does no damage.
Casting: Searing Ray (safe; 1% risk of failure)
Confirm with . or Enter, or press ? or * to list all spells.
Aiming: Searing Ray (safe; 1% risk of failure)
Press: ? - help, Shift-Dir - straight line, f/p - Duvessa
Aim: Duvessa, wielding a +0 rapier, wearing a +0 leather armour and carrying a wand of roots (3) (severely wounded, berserk, fast, 83% to hit)
The searing ray hits Duvessa!
Duvessa is severely wounded.
The searing ray hits the shadow imp!
The shadow imp is almost dead. (Press . to maintain the ray.) Duvessa is struck by your spines.
Duvessa barely misses you.
The searing ray hits Duvessa.
Duvessa is almost dead.
The searing ray hits the shadow imp.
The shadow imp is almost dead.
Duvessa barely misses you. Duvessa is struck by your spines.
Duvessa hits you with a +0 rapier!
The searing ray misses Duvessa.
The searing ray misses the shadow imp.
Duvessa hits you with a +0 rapier!
Throw: 3 darts (poison)
Press: ? - help, Q - select action, (/) - cycle Shift-Dir - straight line, f/p - Duvessa
Aim: Duvessa, wielding a +0 rapier, wearing a +0 leather armour and carrying a wand of roots (3) (almost dead, berserk, fast, 60% to hit)
You throw a poisoned dart. The poisoned dart hits Duvessa.
Duvessa is almost dead.
Duvessa is struck by your spines. Duvessa closely misses you.
Duvessa hits you with a +0 rapier!
You die...

######
###....##
###.......###
#...........##
#......@.....#
#......5e.....#
#......).......
...............
............(..
.......(.....(.
...............
...............


You could see Duvessa (berserk, fast) and a shadow imp.

Vanquished Creatures
  Sigmund (D:4)
  The ghost of Pascal76 the Poker, an amateur HuBe of Trog (D:3)
  2 black bears
  An ogre (D:6)
  A phantom (D:3)
  A necrophage (D:3)
  A bullfrog (D:6)
  A scorpion (D:4)
  Dowan (D:5)
  A howler monkey (D:6)
  A hound (D:6)
  A jelly (D:6)
  3 iguanas
  7 gnolls (D:4)
  5 adders
  A white imp (D:6)
  A worm (D:3)
  A dart slug (D:1)
  9 ball pythons
  3 bats
  5 endoplasms
  5 giant cockroaches
  4 goblins
  7 hobgoblins
  12 kobolds
  6 quokkas
  2 frilled lizards (D:1)
  4 rats
88 creatures vanquished.

Vanquished Creatures (others)
  3 plants (D:1)
  2 withered plants (D:1)
5 creatures vanquished.

Grand Total: 93 creatures vanquished

Notes
Turn   | Place    | Note
-------+----------+-------------------------------------------
     0 | D:1      | Jossarian the Demonspawn Conjurer began the quest for the
                  | Orb.
     0 | D:1      | Reached XP level 1. HP: 13/13 MP: 3/3
   398 | D:1      | Gained mutation: You sometimes gain a little power by
                  | taking damage. [demonic ancestry]
   398 | D:1      | Reached XP level 2. HP: 18/19 MP: 1/5
   544 | D:1      | Learned a level 2 spell: Searing Ray
  1255 | D:1      | Reached XP level 3. HP: 24/24 MP: 2/6
  1653 | D:1      | Found a faded altar of an unknown god.
  1853 | D:2      | Identified the +0 helmet of Dalem {rPois Str+3}
  2976 | D:3      | Noticed a phantom
  3125 | D:3      | Noticed a necrophage
  3137 | D:3      | Killed a necrophage
  3138 | D:3      | Reached skill level 1 in Throwing
  3138 | D:3      | Reached skill level 5 in Conjurations
  3138 | D:3      | Reached XP level 4. HP: 24/30 MP: 0/8
  3338 | D:3      | Reached XP level 5. HP: 35/35 MP: 5/9
  3525 | D:3      | Noticed Pascal76's ghost (amateur HuBe)
  3526 | D:3      | Found a transporter.
  3710 | D:3      | Found a transporter.
  3729 | D:3      | Killed a phantom
  3730 | D:3      | Reached skill level 1 in Armour
  4046 | D:3      | Paralysed by a kobold for 2 turns
  4072 | D:3      | Killed Pascal76's ghost
  4073 | D:3      | Reached XP level 6. HP: 31/41 MP: 1/10
  4249 | D:4      | Found a blossoming altar of Fedhas.
  4461 | D:4      | Noticed Sigmund
  4514 | D:4      | Killed Sigmund
  4515 | D:4      | Reached skill level 6 in Conjurations
  4515 | D:4      | Gained mutation: You are partially covered in sharp spines.
                  | [demonic ancestry]
  4515 | D:4      | Reached XP level 7. HP: 36/47 MP: 2/12
  4808 | D:4      | Reached skill level 1 in Fighting
  4831 | D:4      | You fall into a shaft and drop 2 floors!
  4834 | D:6      | Found an ancient bone altar of Kikubaaqudgha.
  5386 | D:6      | Gained mutation: You are mostly covered in sharp spines.
                  | [demonic ancestry]
  5386 | D:6      | Reached XP level 8. HP: 52/54 MP: 8/14
  5467 | D:6      | Reached skill level 1 in Short Blades
  5588 | D:6      | Found Henaoric's Magic Scroll Boutique.
  5591 | D:6      | Bought a scroll of identify for 26 gold pieces
  5591 | D:6      | Bought a scroll of enchant weapon for 97 gold pieces
  5613 | D:5      | Entered Level 5 of the Dungeon
  5613 | D:5      | Noticed Dowan
  5615 | D:5      | Noticed Duvessa
  5620 | D:5      | Killed Dowan
  5629 | D:5      | Slain by Duvessa

Illustrated notes

Levels and vault maps discovered:
D:1:      minmay_arrival_shattered_statue, layout_loops_corners,
          shapermc_ecumenical_altar_flowoftime
D:2:      layout_loops_corners, basic_altar, kennysheep_generic_room_13
D:3:      layout_loops_cross, gammafunk_ghost_arena, grunt_decor_junction
D:4:      layout_rooms, mainiacjoe_overflow_chevrons,
          nicolae_overflow_hidden_temple, mainiacjoe_overflow_boulevard,
          hex_large, uniq_natasha, uniq_sigmund
D:5:      layout_cave_pods, temple_doors_e, uniq_duvessa
D:6:      layout_rooms, kiku_gazebo_pond_becter, serial_shops,
          kennysheep_mini_moat, portal_sewer_entry_b, kennysheep_pointless_box,
          st_stairs_7

Skill      XL: |  1  2  3  4  5  6  7  8 |
---------------+-------------------------+-----
Stealth        | 2 3 |  3.2
Throwing       | 1 2 3 |  3.1
Dodging        | 2 |  2.6
Conjurations   | 5 6 |  6.5
Armour         | 1 2 3 |  3.6
Spellcasting   | 3 4 |  4.5
Fighting       | 1 |  1.2
Short Blades   | 1 |  1.0

Action                     |  1- 3 |  4- 6 |  7- 9 || total
---------------------------+-------+-------+-------++-------
  Melee: Whip              |     4 |       |       ||     4
         Dagger            |       |     1 |       ||     1
  Throw: Stone             |    22 |       |       ||    22
         Dart              |     8 |     7 |    21 ||    36
         Boomerang         |       |     1 |       ||     1
   Cast: Magic Dart        |    65 |    27 |    22 ||   114
         Searing Ray       |    13 |    19 |    15 ||    47
    Use: Scroll            |     8 |     3 |     4 ||    15
         Potion            |     1 |     2 |       ||     3
 Armour: Robe              |     6 |       |       ||     6
         Leather armour    |     4 |    28 |     3 ||    35
  Dodge: Dodged            |    17 |    25 |     7 ||    49

Table legend: (Time is in decaauts)
 A = Elapsed time spent in this place.
 B = Non-inter-level travel time spent in this place.
 C = Inter-level travel time spent in this place.
 D = Time resting spent in this place.
 E = Time spent auto-exploring this place.
 F = Levels seen in this place.
 G = Mean time per level.
                   A        B        C        D        E       F      G
               +--------+--------+--------+--------+--------+-----+--------+
         Total |   5627 |   2870 |   2757 |   1873 |      0 |   6 |  937.8 |
       Dungeon |   5627 |   2870 |   2757 |   1873 |      0 |   6 |  937.8 |
               +--------+--------+--------+--------+--------+-----+--------+

Top non-repeatable levels by time:
     D:1: 1801 daAuts
     D:3: 1278 daAuts
     D:2: 1170 daAuts
     D:6: 781 daAuts
     D:4: 580 daAuts
     D:5: 15 daAuts
